 Dungeon Crawl Stone Soup version 0.25.1-2-g60ff931df9 (webtiles) character file.

Game seed: 5560045984840105166

99 hawla the Slasher (level 4, -2/41 HPs)
             Began as a Minotaur Berserker on Oct 22, 2020.
             Was a Believer of Trog.
             Slain by Natasha (10 damage)
             ... on level 3 of the Dungeon.
             The game lasted 00:04:28 (2726 turns).

hawla the Slasher (Minotaur Berserker)              Turns: 2726, Time: 00:04:29

Health: -2/41      AC:  2    Str: 23    XL:     4   Next: 45%
Magic:  3/3        EV: 13    Int:  0    God:    Trog [**....]
Gold:   168        SH:  0    Dex:  9    Spells: 3/3 levels left

rFire    . . .     SeeInvis .   a - +0 falchion
rCold    . . .     Gourm    .   (no shield)
rNeg     . . .     Faith    .   b - +0 animal skin
rPois    +         Spirit   .   (helmet restricted)
rElec    .         Reflect  .   (no cloak)
rCorr    .         Harm     .   (no gloves)
MR       .....                  (no boots)
Stlth    +.........             (no amulet)
HPRegen  0.13/turn              k - -4 ring of intelligence (curse)
MPRegen  0.08/turn              j - ring of poison resistance

@: slowed, lost intelligence, very slow
A: retaliatory headbutt, horns 2
a: Berserk, Trog's Hand, Renounce Religion


You were on level 3 of the Dungeon.
You worshipped Trog.
Trog was pleased with you.
You were not hungry.

You visited 1 branch of the dungeon, and saw 3 of its levels.

You collected 168 gold pieces.

Inventory:

Hand Weapons
 a - a +0 falchion (weapon)
Missiles
 h - 19 poisoned darts (quivered)
Armour
 b - a +0 animal skin (worn)
 l - a +0 leather armour
Jewellery
 j - a ring of poison resistance (right hand)
 k - a cursed -4 ring of intelligence (left hand)
 r - an uncursed ring of flight {unknown}
Scrolls
 g - a scroll of magic mapping {unknown}
 i - a scroll of remove curse
 o - 2 scrolls of identify {unknown}
 q - a scroll of fog {unknown}
 s - a scroll of blinking {unknown}
Potions
 d - 3 potions of curing {unknown}
 e - 2 potions of cancellation {unknown}
 f - a potion of haste {unknown}
 m - a potion of lignification {unknown}
 n - a potion of ambrosia {unknown}
Comestibles
 c - 7 rations


   Skills:
 + Level 4.5 Fighting
 + Level 4.8 Long Blades
 + Level 2.8 Armour
 * Level 3.3 Dodging


You had 3 spell levels left.
You didn't know any spells.
Your spell library was empty.

Dungeon Overview and Level Annotations

Branches:
Dungeon (3/15)

Altars:
Ashenzari
Kikubaaqudgha
Nemelex Xobeh
Uskayaw

Annotations:
D:3 Natasha


Innate Abilities, Weirdness & Mutations

You reflexively headbutt those who attack you in melee.
You have a pair of horns on your head.


Message History

Natasha misses you. Natasha closely misses you.
You barely miss Natasha. Natasha claws you.
You hit Natasha.
Natasha is lightly wounded.
Natasha extends her claws.
Natasha claws you. Natasha barely misses you.
You closely miss Natasha. Your headbutt misses Natasha.
Natasha is lightly wounded.
Natasha casts a spell.
You barely miss Natasha.
Natasha is lightly wounded.
Natasha closely misses you. The white imp gestures at you.
The puff of frost hits you. Natasha claws you.
You slash Natasha!
Natasha is severely wounded.
The white imp hits you. The white imp freezes you. Natasha claws you.
* * * LOW HITPOINT WARNING * * *
The white imp barely misses you. Natasha claws you!
You die...

#.##.##.# #.#
#.##.##.# #.#
#.##.##.# #### #.#
#.##.##.) ..# #.#
#.##.#### #.# #.#
#.##.# ###.### #.#
#.##.# #####.....#
#.# #.##..
..).......########.#
#.h@...........#
#.5...##########
#)....# ## ###.###
#. #.. #.. #.# #..
#.> #. #.# ... #.
##.# #.##...


You could see Natasha and a white imp (summoned).

Vanquished Creatures
  3 adders (D:2)
  An ooze (D:2)
  2 worms (D:2)
  3 dart slugs
  3 giant cockroaches
  8 goblins
  6 hobgoblins
  5 jackals
  A quokka (D:2)
  6 bats
  5 frilled lizards
  5 kobolds
  9 rats
57 creatures vanquished.

Notes
Turn   | Place    | Note
-------+----------+-------------------------------------------
     0 | D:1      | hawla the Minotaur Berserker began the quest for the Orb.
     0 | D:1      | Reached XP level 1. HP: 19/19 MP: 0/0
   393 | D:1      | Reached XP level 2. HP: 27/27 MP: 1/1
   986 | D:1      | Reached ** piety under Trog
  1317 | D:2      | Reached XP level 3. HP: 33/33 MP: 2/2
  1444 | D:2      | Found a shattered altar of Ashenzari.
  1473 | D:2      | Found an ancient bone altar of Kikubaaqudgha.
  1694 | D:2      | Reached XP level 4. HP: 31/41 MP: 3/3
  1925 | D:2      | Lost intelligence.
  2260 | D:2      | Found a hide-covered altar of Uskayaw.
  2554 | D:3      | Found a sparkling altar of Nemelex Xobeh.
  2717 | D:3      | Noticed Natasha
  2726 | D:3      | Slain by Natasha

Illustrated notes

Levels and vault maps discovered:
D:1:      dpeg_arrival_pits, layout_loops_ring, serial_rivers,
          chequers_serial_rivers_micro_c, chequers_serial_rivers_large_b,
          chequers_serial_rivers_small_b, chequers_serial_rivers_room_a,
          chequers_serial_rivers_micro_c, minmay_cut_off
D:2:      layout_rooms, nicolae_overflow_hidden_temple,
          lemuel_coloured_pillars_altar, lemuel_round_altar, uniq_robin
D:3:      layout_loops_ring, lemuel_round_altar, uniq_natasha

Skill      XL: |  1  2  3 |
---------------+----------+-----
Long Blades    | 4 |  4.8
Fighting       | 4 |  4.5
Dodging        | 3 |  3.3
Armour         | |  2.8

Action                   |  1- 3 |  4- 6 || total
-------------------------+-------+-------++-------
Melee: Falchion          |    77 |    41 ||   118
       Headbutt          |    21 |     4 ||    25
Throw: Dart              |       |     2 ||     2
  Use: Scroll            |     3 |       ||     3
 Stab: Sleeping          |     1 |       ||     1
  Eat: Chunk             |     2 |     2 ||     4
       Ration            |       |     1 ||     1
Armor: Animal skin       |    10 |    13 ||    23
Dodge: Dodged            |    47 |    36 ||    83
       Rpst.: Falchion   |    17 |     8 ||    25
